 Dungeon Crawl Stone Soup version 0.27.1-33-g824d729ab1 (webtiles) character file.

Game seed: 16774589690868365536

1925 solodx the Covered (level 8, -4/71 HPs)
             Began as a Minotaur Fighter on Dec 10, 2021.
             Was a Follower of Qazlal.
             Killed from afar by an electric eel (10 damage)
             ... with a bolt of electricity
             ... on level 6 of the Dungeon.
             The game lasted 00:19:06 (5690 turns).

solodx the Covered (Minotaur Fighter)               Turns: 5690, Time: 00:19:06

Health: -4/71      AC:  9    Str: 23    XL:     8   Next: 96%
Magic:  7/7        EV:  9    Int:  5    God:    Qazlal [*.....]
Gold:   243        SH: 13    Dex: 16    Spells: 7/7 levels left

rFire    . . .     SeeInvis .   s - +2 rapier (speed)
rCold    . . .     Faith    .   c - +0 kite shield
rNeg     . . .     Spirit   .   b - +0 scale mail
rPois    .         Reflect  .   (helmet restricted)
rElec    .         Harm     .   (no cloak)
rCorr    .         Rampage  .   (no gloves)
Will     .....                  j - +0 pair of boots
Stlth    ..........             (no amulet)
HPRegen  0.21/turn              l - +6 ring of dexterity
MPRegen  0.10/turn              (no ring)

@: no status effects
A: horns 2, retaliatory headbutt
a: Renounce Religion


You were on level 6 of the Dungeon.
You worshipped Qazlal.
Qazlal was aware of your devotion.
You visited 1 branch of the dungeon, and saw 6 of its levels.

You collected 243 gold pieces.

Inventory:

Hand Weapons
 a - a +0 war axe
 i - a +1 dagger of draining
 s - a +2 rapier of speed (weapon)
Armour
 b - a +0 scale mail (worn)
 c - a +0 kite shield (worn)
 j - a +0 pair of boots (worn)
Jewellery
 l - a +6 ring of dexterity (left hand)
 r - a ring of wizardry
 t - a +6 ring of intelligence
Wands
 u - a wand of mindburst (7)
 v - a wand of flame (23)
Scrolls
 k - a scroll of fog
 o - a scroll of brand weapon {unknown}
 p - a scroll of blinking
 q - 3 scrolls of amnesia {unknown}
Potions
 d - a potion of might
 e - a potion of magic {unknown}
 f - 4 potions of curing
 g - 3 potions of brilliance
 h - 2 potions of haste {unknown}
 m - a potion of attraction {unknown}
 n - a potion of flight {unknown}


   Skills:
 + Level 6.5 Fighting
 + Level 5.7 Short Blades
 + Level 6.2 Axes
 + Level 7.0 Armour
 + Level 2.8 Dodging
 + Level 1.2 Stealth
 + Level 6.9 Shields


You had 7 spell levels left.
You didn't know any spells.
Your spell library contained the following spells:

 Spells                   Type           Power      Damage    Failure   Level
 Summon Small Mammal      Summ           0%         N/A       98%         1
 Passwall                 Tmut/Erth      0%         N/A       99%         2
 Call Canine Familiar     Summ           0%         N/A       100%        3
 Ozocubu's Armour         Ice            0%         N/A       100%        3
 Summon Guardian Golem    Hex/Summ       0%         N/A       100%        3
 Swiftness                Air            0%         N/A       100%        3
 Invisibility             Hex            0%         N/A       100%        6
 Ozocubu's Refrigeration  Ice            0%         4d5       100%        7


Dungeon Overview and Level Annotations

Branches:
Dungeon (6/15)             Temple (0/1) D:5

Altars:
Cheibriados
Hepliaklqana
Qazlal
Ru

Shops:
D:1 (   D:5 (([!*

Annotations:
D:6 1 transporter


Innate Abilities, Weirdness & Mutations

You have a pair of horns on your head.
You reflexively headbutt those who attack you in melee.


Message History

Things that are here:
a +0 whip; a kobold skeleton
Items here: ( )) [ ÷÷.
Items here: ( )) [.
There is a transporter here.
You enter the transporter and appear at another place.
v - a wand of flame (23)
You open the door.
The electric eel shoots out a bolt of lightning at you!
The bolt of electricity misses you. x2
The electric eel shoots out a bolt of lightning at you!
The bolt of electricity hits you. x2; The bolt of electricity hits the plant!
The plant begins to die.
The electric eel shoots out a bolt of lightning at you!
The bolt of electricity misses you. The bolt of electricity hits you!
The bolt of electricity hits the plant!
The plant begins to die.
There is an open door here.
The electric eel shoots out a bolt of lightning at you!
The bolt of electricity hits you!
The bolt of electricity misses the electric eel.
The bolt of electricity hits the electric eel.
The electric eel completely resists.
The electric eel shoots out a bolt of lightning at you!
The bolt of electricity hits you!
The bolt of electricity hits the electric eel.
The electric eel completely resists.
The bolt of electricity hits the electric eel.
The electric eel completely resists.
The bolt of electricity hits you!
* * * LOW HITPOINT WARNING * * *
You barely miss the electric eel. Your headbutt misses the electric eel.
You completely miss the electric eel. You headbutt the electric eel.
The electric eel is moderately wounded.
The electric eel shoots out a bolt of lightning at you!
The bolt of electricity hits you!
* * * LOW HITPOINT WARNING * * *
The bolt of electricity hits the electric eel.
The electric eel completely resists.
The bolt of electricity hits the electric eel.
The electric eel completely resists.
The bolt of electricity hits you!
You die...

.. ...............#########...
#.###########.##.............##
... ####..............####.
#.####.)..©....###..........
#...)#)#######..............
.###))))#8.©.8#.#######.##...
........##.#P...P#.# #.##...
.......###.###'###.# #).##..
...##....#.#;..@;#.# ##.###. (.
........#;...≈#.# #.# ##
.........#≈...≈#.# #.# #
#.##.####.#≈.♣.≈#.# #.# #
.....####.#≈...≈#.# #.# #
........#≈...≈#.# #.#
.#.####.#≈...≈#.# #.##
##.###+###.# #.<# #..#P.[.P#.#
##.#


You could see 3 electric eels.

Vanquished Creatures
  Eustachio (D:4)
  2 ice beasts
  A sky beast (D:6)
  3 ogres
  A hornet zombie (D:4)
  A kobold brigand (D:6)
  2 scorpions (D:5)
  5 killer bees (D:5)
  A bullfrog zombie (D:5)
  A hound (D:6)
  2 jellies
  4 orc priests
  A bullfrog skeleton (D:5)
  A centaur skeleton (D:5)
  Jessica (D:2)
  3 iguanas
  5 orc wizards
  A killer bee zombie (D:5)
  Robin (D:2)
  4 adders
  2 worms
  3 dart slugs
  28 orcs
  3 ball pythons
  5 bats
  4 endoplasms
  4 giant cockroaches
  19 goblins
  8 hobgoblins
  2 jackals (D:1)
  5 quokkas
  5 frilled lizards
  16 kobolds
  4 rats (D:2)
  A butterfly (D:5)
150 creatures vanquished.

Vanquished Creatures (others)
  A plant (D:5)
1 creature vanquished.

Grand Total: 151 creatures vanquished

Notes
Turn   | Place    | Note
-------+----------+-------------------------------------------
     0 | D:1      | solodx the Minotaur Fighter began the quest for the Orb.
     0 | D:1      | Reached XP level 1. HP: 19/19 MP: 0/0
   125 | D:1      | Found a faded altar of an unknown god.
   145 | D:1      | Reached XP level 2. HP: 25/27 MP: 1/1
   426 | D:1      | Reached skill level 4 in Armour
   558 | D:1      | Found Gifu's Weapon Shoppe.
   600 | D:2      | Reached XP level 3. HP: 32/33 MP: 2/2
   811 | D:2      | Noticed Robin
   878 | D:2      | Noticed Jessica
   883 | D:2      | Killed Jessica
   884 | D:2      | Reached XP level 4. HP: 40/40 MP: 3/3
  1071 | D:2      | Killed Robin
  1466 | D:3      | Reached XP level 5. HP: 44/47 MP: 4/4
  1765 | D:3      | Reached skill level 5 in Fighting
  1956 | D:3      | Reached skill level 5 in Axes
  2294 | D:3      | Reached skill level 1 in Dodging
  2396 | D:4      | Noticed Eustachio
  2405 | D:4      | Killed Eustachio
  2406 | D:4      | Reached skill level 5 in Shields
  2406 | D:4      | Reached XP level 6. HP: 14/56 MP: 5/5
  2411 | D:4      | HP: 2/56 [hornet zombie (8)]
  2413 | D:4      | Reached skill level 5 in Armour
  2415 | D:5      | Entered Level 5 of the Dungeon
  2732 | D:4      | Found a stormy altar of Qazlal.
  2747 | D:4      | Became a worshipper of Qazlal Stormbringer
  3126 | D:4      | Reached XP level 7. HP: 61/61 MP: 6/6
  3155 | D:4      | Reached skill level 1 in Short Blades
  3331 | D:4      | Found a hazy altar of Hepliaklqana.
  3516 | D:5      | Found a sacrificial altar of Ru.
  3623 | D:5      | Reached skill level 1 in Stealth
  3928 | D:5      | Reached skill level 6 in Armour
  3930 | D:5      | Reached XP level 8. HP: 22/70 MP: 7/7
  3933 | D:5      | HP: 3/70 [poisoned by a killer bee]
  4573 | D:5      | Reached * piety under Qazlal
  4786 | D:5      | Found Koonutt's General Store.
  4788 | D:5      | Found Calaent's Distillery.
  4788 | D:5      | Found Nepset's Antique Weapon Boutique.
  4789 | D:5      | Found Sonk's Antique Armour Boutique.
  4792 | D:5      | Found a staircase to the Ecumenical Temple.
  4824 | D:5      | Found Qeiriogycu's Hydra Hut.
  4827 | D:5      | Noticed a five-headed hydra
  5215 | D:6      | Found a snail-covered altar of Cheibriados.
  5275 | D:6      | Found a transporter.
  5320 | D:6      | Reached skill level 5 in Short Blades
  5360 | D:6      | Found a transporter.
  5400 | D:6      | Reached skill level 7 in Armour
  5690 | D:6      | Killed from afar by an electric eel

Illustrated notes

Levels and vault maps discovered:
D:1:      dpeg_arrival_more_subterranean_lakeside_camping, layout_rooms,
          ebering_ecumenical_altar_rust, serial_shops, shop
D:2:      layout_basic, wad_orctagon, uniq_jessica, uniq_robin
D:3:      layout_basic
D:4:      layout_basic, lemuel_crystal_altar, general_overflow_altar,
          uniq_eustachio
D:5:      layout_basic, mainiacjoe_overflow_boulevard,
          minmay_temple_entry_butterflies, minmay_shop_grid_forest,
          doesnt_shop_hydraphobe
D:6:      gammafunk_steamed_eel, layout_rooms, kennysheep_slug_shrine,
          kennysheep_nondescript, hex_medium, chequers_serial_rivers_marsh,
          minmay_misc_feat_more_columns

Skill      XL: |  1  2  3  4  5  6  7  8 |
---------------+-------------------------+-----
Shields        | 4 5 6 |  6.9
Armour         | 4 5 6 7 |  7.0
Axes           | 3 4 5 6 |  6.2
Fighting       | 4 5 6 |  6.5
Dodging        | 1 2 |  2.8
Short Blades   | 3 5 |  5.7
Stealth        | 1 |  1.2

Action                   |  1- 3 |  4- 6 |  7- 9 || total
-------------------------+-------+-------+-------++-------
Melee: War axe           |    76 |    97 |       ||   173
       Headbutt          |     9 |    22 |    50 ||    81
       Rapier            |       |    11 |   191 ||   202
  Use: Scroll            |     1 |       |     3 ||     4
       Potion            |       |       |     1 ||     1
Armor: Scale mail        |    44 |    42 |    55 ||   141
Dodge: Dodged            |    32 |    40 |    71 ||   143
Block: Kite shield       |    51 |    61 |    86 ||   198
